Map: Invader LE

Players

ADM - Winner!

  • Race: Zerg Zerg
  • League: Platinum

blackxored

  • Race: Zerg Zerg
  • League: Platinum

VOD

Have the link to the VOD?

Description

Time

  • Played on: June 29, 2016, 3:32 p.m.
  • Length: 8:30
Show
View Real Time Build Order
Export as new Build Order

ADM Zerg - Winner!

Build Orders: Hatch First 

Get SALT Encoding   

  12  0:01  Drone  
  13  0:10  Drone  
  14  0:18  Overlord  
  14  0:36  Drone x2  
  14  0:37  Drone  
  17  0:54  Drone  
  18  1:01  Drone  
  19  1:12  Spawning Pool, Hatchery  
  19  1:17  Drone  
  18  1:21  Extractor  
  18  1:24  Drone  
  18  1:42  Drone x2  
  20  1:53  Overlord  
  20  2:00  Queen  
  22  2:12  Drone  
  22  2:15  Drone  
  24  2:23  Queen  
  24  2:27  Drone x2  
  24  2:29  Metabolic Boost  
  28  2:36  Zergling x4  
  30  2:40  Queen  
  32  2:46  Drone x2  
  34  2:52  Baneling Nest  
  34  3:00  Drone x2  
  35  3:26  Drone  
  36  3:27  Overlord x2  
  36  3:36  Overlord x2  
  36  3:46  Zergling x2  
  36  3:47  Zergling x10  
  42  3:52  Drone x3  
  45  3:56  Lair  
  45  3:58  Roach Warren  
  44  4:29  Drone x5  
  44  4:30  Drone  
  50  4:32  Extractor  
  50  4:33  Overlord x2  
  50  4:34  Extractor  
  48  5:05  Drone x2  
  48  5:06  Drone x3  
  53  5:07  Roach x2  
  53  5:08  Roach x3  
  63  5:19  Glial Reconstitution  
  63  5:23  Overlord x2  
  63  5:40  Roach x5  
  63  5:41  Roach x4  
  76  6:00  Roach x3  
  81  6:16  Drone x4  
  81  6:17  Overlord x3, Extractor  
  84  6:25  Hatchery  
  83  6:28  Roach  
  83  6:29  Roach  
  85  6:54  Roach  
  85  6:55  Roach x7  
  97  7:04  Roach  
  97  7:05  Roach  
  101  7:14  Roach x3  
  101  7:15  Roach x3  
  103  7:37  Drone x10  
  103  7:38  Queen  
  109  7:52  Roach x4  
  115  8:10  Spore Crawler x2  
  103  8:13  Spore Crawler  
  103  8:14  Spore Crawler x3  
  103  8:16  Spore Crawler x2  
  103  8:18  Spore Crawler  
Show
View Real Time Build Order
Export as new Build Order

blackxored Zerg 

Build Orders: Hatch First, Zergling Baneling 

Get SALT Encoding   

  12  0:01  Drone  
  13  0:11  Drone  
  14  0:17  Overlord  
  14  0:27  Extractor  
  14  0:28  Drone  
  15  0:38  Drone x2  
  17  0:53  Hatchery  
  17  0:56  Drone  
  17  1:00  Drone  
  18  1:11  Extractor  
  17  1:15  Spawning Pool  
  17  1:18  Drone  
  17  1:21  Drone  
  18  1:30  Drone  
  19  1:44  Overlord  
  19  1:57  Drone  
  20  2:02  Queen  
  20  2:04  Zergling x2  
  20  2:05  Queen  
  20  2:06  Zergling x2  
  26  2:12  Zergling x2  
  26  2:14  Metabolic Boost  
  27  2:19  Spine Crawler  
  26  2:23  Drone  
  27  2:32  Drone x2  
  27  2:33  Drone  
  30  2:38  Baneling Nest  
  30  2:42  Drone  
  30  2:46  Overlord  
  30  2:56  Drone  
  30  2:57  Drone  
  32  3:12  Hatchery  
  30  3:16  Drone x2  
  32  3:22  Drone x2  
  32  3:23  Baneling  
  32  3:24  Baneling  
  32  3:25  Baneling  
  34  3:33  Overlord  
  34  3:36  Zergling x4  
  36  3:43  Zergling x6  
  39  3:53  Zergling x10  
  44  3:58  Drone x2  
  46  4:11  Lair  
  46  4:12  Drone x2  
  48  4:20  Drone x2  
  50  4:28  Baneling x2  
  50  4:29  Baneling  
  50  4:38  Zergling x12  
  54  4:39  Zergling x4  
  54  4:40  Baneling x2  
  54  4:41  Baneling  
  57  4:51  Overlord x2  
  57  4:52  Overlord  
  57  5:12  Drone x8  
  65  5:15  Extractor  
  65  5:18  Extractor, Queen  
  65  5:25  Extractor  
  64  5:31  Extractor, Drone  
  64  5:32  Roach Warren, Extractor  
  64  5:34  Drone x2  
  64  5:35  Drone x2  
  66  5:40  Drone x2  
  66  5:41  Drone x2  
  70  5:45  Drone x3  
  70  5:47  Drone x3  
  75  6:06  Spire  
  75  6:07  Overseer  
  75  6:10  Overlord x2  
  72  6:42  Zergling x2  
  72  6:43  Zergling x28  
  82  6:48  Queen x3  
  82  6:58  Zergling x2  
  82  6:59  Zergling x10  
  76  7:09  Zergling x10  
  73  7:18  Mutalisk  
  73  7:19  Zergling x2  
  73  7:21  Mutalisk  
  78  7:23  Queen  
  78  7:24  Queen  
  76  7:31  Mutalisk x3  
  71  7:38  Mutalisk  
  59  7:47  Zergling x4  
  52  7:59  Mutalisk  
  52  8:03  Drone x3  
Tags
 
Add a new tag
Caveats
  • Supply blocks, unpowered buildings, or Contaminate may cause inaccurate times.
  • Supply counts are checked every 10 seconds.